3A
MYRTLE BEACH SEAHAWKS @ GRAND FORKS CATERPILLARS
08/15/2025
 
TOP OF THE 1ST
Myrtle Beach Seahawks batting - Pitching for Grand Forks Caterpillars : RHP Esteban Nevárez
Pitching: RHP Esteban Nevárez
Batting: RHB Rodney Dudley 0-0: SINGLE (Line Drive, 89S)
Batting: RHB Lance Pinales 0-0: Ball
Rodney Dudley steals 2nd base
1-0: Called Strike
1-1: Called Strike
1-2: Ball
2-2: SINGLE (Groundball, 56D)
Rodney Dudley to third
Runner from 3rd tries for Home, SAFE, no throw
Batting: RHB Juan Báez 0-0: Ball
1-0: Ball
2-0: Ball
3-0: Called Strike
3-1: SINGLE (Flyball, 8RS)
Lance Pinales to second
Batting: RHB José Morín 0-0: Fielders Choice at 3rd, U5 (Groundball, 5L)
Juan Báez to second
Batting: RHB Alejandro Santiago 0-0: Foul Ball, location: 2F
0-1: Grounds into double play, 5-4-3 (Groundball, 5)
Top of the 1st over - 1 run(s), 3 hit(s), 0 error(s), 1 left on base; Myrtle Beach 1 - Grand Forks 0
BOTTOM OF THE 1ST
Grand Forks Caterpillars batting - Pitching for Myrtle Beach Seahawks : RHP Delano Turnipseed
Pitching: RHP Delano Turnipseed
Batting: RHB Arnold Meurs 0-0: Ball
1-0: Called Strike
1-1: Foul Ball, location: 2F
1-2: Ball
2-2: Ball
3-2: Strikes out swinging
Batting: RHB Ab van der Kamp 0-0: Reached on error, E7 (Flyball, 78M)
Batting: RHB José Pérez 0-0: Ball
1-0: Grounds into double play, 4-6-3 (Groundball, 4)
Bottom of the 1st over - 0 run(s), 0 hit(s), 1 error(s), 0 left on base; Myrtle Beach 1 - Grand Forks 0
TOP OF THE 2ND
Myrtle Beach Seahawks batting - Pitching for Grand Forks Caterpillars : RHP Esteban Nevárez
Batting: RHB Randall Worthington 0-0: Ball
1-0: Ball
2-0: Called Strike
2-1: Called Strike
2-2: Foul Ball, location: 2F
2-2: Strikes out swinging
Batting: RHB Peter Feng 0-0: Foul Ball, location: 2F
0-1: Ball
1-1: Ball
2-1: Ground out 4-3 (Groundball, 4)
Batting: RHB Turner Buccigross 0-0: Called Strike
0-1: Ball
1-1: Ball
2-1: Swinging Strike
2-2: Foul Ball, location: 2F
2-2: Foul Ball, location: 2F
2-2: Ball
3-2: Base on Balls
Pitching: RHP Rafael Avelar
Batting: RHB León Sánchez 0-0: Fly out, F4 (Popup, 34D)
Top of the 2nd over - 0 run(s), 0 hit(s), 0 error(s), 1 left on base; Myrtle Beach 1 - Grand Forks 0
BOTTOM OF THE 2ND
Grand Forks Caterpillars batting - Pitching for Myrtle Beach Seahawks : RHP Delano Turnipseed
Batting: LHB Víctor Fortis 0-0: Swinging Strike
0-1: Foul Ball, location: 2F
0-2: Foul Ball, location: 2F
0-2: SINGLE (Flyball, 7LM) - OUT at second base trying to stretch hit.
Batting: RHB Carlos Romero 0-0: Ground out 6-3 (Groundball, 6)
Batting: LHB Santiago Reyes 0-0: Foul Ball, location: 2F
0-1: Ball
1-1: Ball
2-1: Called Strike
2-2: DOUBLE (Line Drive, 9LM)
Batting: RHB Jorge Noutel 0-0: Ball
1-0: Ball
2-0: Fly out, F9 (Flyball, 9)
Bottom of the 2nd over - 0 run(s), 2 hit(s), 0 error(s), 1 left on base; Myrtle Beach 1 - Grand Forks 0
TOP OF THE 3RD
Myrtle Beach Seahawks batting - Pitching for Grand Forks Caterpillars : RHP Rafael Avelar
Batting: RHB Rodney Dudley 0-0: Called Strike
0-1: Ball
1-1: Called Strike
1-2: Strikes out looking
Batting: RHB Lance Pinales 0-0: Ball
1-0: SINGLE (Flyball, 8LS)
Batting: RHB Juan Báez 0-0: Called Strike
Lance Pinales steals 2nd base
0-1: Swinging Strike
0-2: Strikes out swinging
Batting: RHB José Morín 0-0: Ball
1-0: Ball
2-0: Called Strike
2-1: Swinging Strike
2-2: Ball
3-2: Strikes out swinging
Top of the 3rd over - 0 run(s), 1 hit(s), 0 error(s), 1 left on base; Myrtle Beach 1 - Grand Forks 0
BOTTOM OF THE 3RD
Grand Forks Caterpillars batting - Pitching for Myrtle Beach Seahawks : RHP Delano Turnipseed
Batting: LHB Michael Woodard 0-0: Fly out, F2 (Popup, 25)
Batting: LHB Israel Peña 0-0: Called Strike
0-1: Ball
1-1: Swinging Strike
1-2: Foul Ball, location: 2F
1-2: Strikes out swinging
Batting: RHB Arnold Meurs 0-0: Ground out 4-3 (Groundball, 4M)
Bottom of the 3rd over - 0 run(s), 0 hit(s), 0 error(s), 0 left on base; Myrtle Beach 1 - Grand Forks 0
TOP OF THE 4TH
Myrtle Beach Seahawks batting - Pitching for Grand Forks Caterpillars : RHP Rafael Avelar
Batting: RHB Alejandro Santiago 0-0: Ball
1-0: Ball
2-0: Reached on error, E5 (Groundball, 56)
Batting: RHB Randall Worthington 0-0: Called Strike
0-1: Ball
1-1: Ball
2-1: Called Strike
2-2: Strikes out swinging
Batting: RHB Peter Feng 0-0: Ball
1-0: Foul Ball, location: 2F
1-1: Grounds into double play, 5-4-3 (Groundball, 5)
Top of the 4th over - 0 run(s), 0 hit(s), 1 error(s), 0 left on base; Myrtle Beach 1 - Grand Forks 0
BOTTOM OF THE 4TH
Grand Forks Caterpillars batting - Pitching for Myrtle Beach Seahawks : RHP Delano Turnipseed
Batting: RHB Ab van der Kamp 0-0: Ball
1-0: Ball
2-0: Ground out 5-3 (Groundball, 56)
Batting: RHB José Pérez 0-0: Foul Ball, location: 2F
0-1: Called Strike
0-2: Ball
1-2: Foul Ball, location: 2F
1-2: Ball
2-2: Ball
3-2: Base on Balls
Batting: LHB Víctor Fortis 0-0: Swinging Strike
0-1: Ball
1-1: Ball
2-1: Ball
3-1: Base on Balls
José Pérez to second
Batting: RHB Carlos Romero 0-0: Foul Ball, location: 2F
0-1: Fly out, F8 (Flyball, 8LS)
Batting: LHB Santiago Reyes 0-0: Called Strike
0-1: Foul Ball, location: 2F
0-2: Fly out, F9 (Flyball, 9)
Bottom of the 4th over - 0 run(s), 0 hit(s), 0 error(s), 2 left on base; Myrtle Beach 1 - Grand Forks 0
TOP OF THE 5TH
Myrtle Beach Seahawks batting - Pitching for Grand Forks Caterpillars : RHP Rafael Avelar
Batting: RHB Turner Buccigross 0-0: Ball
1-0: Ball
2-0: Ball
3-0: Called Strike
3-1: Called Strike
3-2: Base on Balls
Batting: RHB León Sánchez 0-0: Ball
1-0: Called Strike
Turner Buccigross is caught stealing 2nd base
1-1: Ball
2-1: Ball
3-1: Foul Ball, location: 2F
3-2: Strikes out swinging
Batting: RHB Rodney Dudley 0-0: Ball
1-0: SINGLE (Groundball, 4D)
Batting: RHB Lance Pinales 0-0: Ball
Rodney Dudley is caught stealing 2nd base
Top of the 5th over - 0 run(s), 1 hit(s), 0 error(s), 0 left on base; Myrtle Beach 1 - Grand Forks 0
BOTTOM OF THE 5TH
Grand Forks Caterpillars batting - Pitching for Myrtle Beach Seahawks : RHP Delano Turnipseed
Batting: RHB Jorge Noutel 0-0: Ball
1-0: Swinging Strike
1-1: Ball
2-1: Called Strike
2-2: Fly out, F9 (Flyball, 89S)
Batting: LHB Michael Woodard 0-0: Ball
1-0: Ball
2-0: Ball
3-0: Base on Balls
Batting: LHB Israel Peña 0-0: Ball
1-0: Swinging Strike
1-1: Swinging Strike
1-2: Strikes out swinging
Batting: RHB Arnold Meurs 0-0: Ball
1-0: Ball
2-0: Called Strike
2-1: Foul Ball, location: 2F
2-2: Fielders Choice at 2nd, 6-4 (Groundball, 6)
Bottom of the 5th over - 0 run(s), 0 hit(s), 0 error(s), 0 left on base; Myrtle Beach 1 - Grand Forks 0
TOP OF THE 6TH
Myrtle Beach Seahawks batting - Pitching for Grand Forks Caterpillars : RHP Rafael Avelar
Batting: RHB Lance Pinales 0-0: SINGLE (Groundball, 6MD)
Batting: RHB Juan Báez 0-0: Ball
1-0: Foul Ball, location: 2F
1-1: Called Strike
1-2: Ground out 4-3 (Groundball, 4S)
Lance Pinales to second
Batting: RHB José Morín 0-0: Foul Ball, location: 2F
0-1: Called Strike
0-2: SINGLE (Groundball, 34S) (infield hit)
Lance Pinales to third
Batting: RHB Alejandro Santiago 0-0: Called Strike
0-1: Called Strike
José Morín steals 2nd base
0-2: Foul Ball, location: 2F
0-2: Strikes out swinging
Pitching: RHP Lúcio Galleyos
Batting: RHB Randall Worthington 0-0: Ground out 6-3 (Groundball, 56)
Top of the 6th over - 0 run(s), 2 hit(s), 0 error(s), 2 left on base; Myrtle Beach 1 - Grand Forks 0
BOTTOM OF THE 6TH
Grand Forks Caterpillars batting - Pitching for Myrtle Beach Seahawks : RHP Delano Turnipseed
Batting: RHB Ab van der Kamp 0-0: Called Strike
0-1: Called Strike
0-2: DOUBLE (Groundball, 5L)
Batting: RHB José Pérez 0-0: SINGLE (Groundball, 4MD)
Ab van der Kamp to third
Batting: LHB Víctor Fortis 0-0: Ball
1-0: Called Strike
1-1: Foul Ball, location: 2F
1-2: Ball
2-2: Foul Ball, location: 2F
2-2: 3-RUN HOME RUN (Flyball, 9LD), Distance : 372 ft
Batting: RHB Carlos Romero 0-0: Called Strike
0-1: Ball
1-1: Ball
2-1: Foul Ball, location: 2F
2-2: Ball
3-2: SINGLE (Line Drive, 34D)
Pitching: RHP Carlos Ibarra
Batting: LHB Santiago Reyes 0-0: Ball
Carlos Romero steals 2nd base
1-0: Intentional Walk
Batting: RHB Jorge Noutel 0-0: Bunted foul
0-1: Sac Bunt - play at first, batter OUT! 1-4
Carlos Romero to third
Santiago Reyes to second
Batting: LHB Michael Woodard 0-0: Called Strike
0-1: Ball
1-1: Swinging Strike
1-2: Ball
2-2: Strikes out swinging
Batting: LHB Israel Peña 0-0: Called Strike
0-1: Ball
1-1: Ball
2-1: Ball
3-1: Base on Balls
Batting: RHB Arnold Meurs 0-0: Foul Ball, location: 2F
0-1: Ball
1-1: Foul Ball, location: 2F
1-2: Ground out 1-3 (Groundball, P)
Bottom of the 6th over - 3 run(s), 4 hit(s), 0 error(s), 3 left on base; Myrtle Beach 1 - Grand Forks 3
TOP OF THE 7TH
Myrtle Beach Seahawks batting - Pitching for Grand Forks Caterpillars : RHP Lúcio Galleyos
Batting: RHB Peter Feng 0-0: Foul Ball, location: 2F
0-1: Ball
1-1: Hit by Pitch
Batting: RHB Turner Buccigross 0-0: Sac Bunt - play at first, batter OUT! 1-3
Peter Feng to second
Batting: RHB León Sánchez 0-0: Ball
1-0: Foul Ball, location: 2F
1-1: SINGLE (Flyball, 8RS)
Peter Feng to third
Runner from 3rd tries for Home, SAFE, no throw
Batting: RHB Rodney Dudley 0-0: SINGLE (Line Drive, 8LS)
León Sánchez to second
Pinch Hitting: RHB Jim Unknown 0-0: Ball
1-0: SINGLE (Line Drive, 6MD)
León Sánchez to third
Rodney Dudley to second
Batting: RHB Juan Báez 0-0: Called Strike
0-1: Ball
1-1: Swinging Strike
1-2: Strikes out swinging
Pinch Hitting: LHB Jim Unknown 0-0: Ball
1-0: Swinging Strike
1-1: Ball
2-1: Swinging Strike
2-2: Strikes out looking
Top of the 7th over - 1 run(s), 3 hit(s), 0 error(s), 3 left on base; Myrtle Beach 2 - Grand Forks 3
BOTTOM OF THE 7TH
Grand Forks Caterpillars batting - Pitching for Myrtle Beach Seahawks : RHP Carlos Ibarra
Now at 2B: Jim Unknown
Now in RF: Jim Unknown
Batting: RHB Ab van der Kamp 0-0: Ball
1-0: SINGLE (Flyball, 9LM)
Batting: RHB José Pérez 0-0: Called Strike
0-1: Fly out, F9 (Flyball, 89D)
Batting: LHB Víctor Fortis 0-0: Ball
1-0: Foul Ball, location: 2F
1-1: Called Strike
1-2: Ball
2-2: Strikes out swinging
Pinch Hitting: SHB Jim Unknown 0-0: Ball
1-0: Called Strike
1-1: Called Strike
1-2: Fly out, F7 (Flyball, 7LM)
Bottom of the 7th over - 0 run(s), 1 hit(s), 0 error(s), 1 left on base; Myrtle Beach 2 - Grand Forks 3
TOP OF THE 8TH
Myrtle Beach Seahawks batting - Pitching for Grand Forks Caterpillars : RHP Lúcio Galleyos
Now at 1B: Felipe Cuevas
Batting: RHB Alejandro Santiago 0-0: Ball
1-0: Called Strike
1-1: Called Strike
1-2: Ball
2-2: Ground out 4-3 (Groundball, 4M)
Batting: RHB Randall Worthington 0-0: Ball
1-0: Foul Ball, location: 2F
1-1: Ball
2-1: Swinging Strike
2-2: Strikes out swinging, 2-3 out at first.
Batting: RHB Peter Feng 0-0: Called Strike
0-1: Foul Ball, location: 2F
0-2: Ball
1-2: Ball
2-2: Strikes out swinging
Top of the 8th over - 0 run(s), 0 hit(s), 0 error(s), 0 left on base; Myrtle Beach 2 - Grand Forks 3
BOTTOM OF THE 8TH
Grand Forks Caterpillars batting - Pitching for Myrtle Beach Seahawks : RHP Carlos Ibarra
Batting: LHB Santiago Reyes 0-0: Ball
1-0: Swinging Strike
1-1: Fly out, F1 (Line Drive, 15S)
Batting: RHB Jorge Noutel 0-0: Called Strike
0-1: Ball
1-1: Fly out, F9 (Flyball, 89S)
Batting: LHB Michael Woodard 0-0: Ball
1-0: Called Strike
1-1: Fly out, F9 (Flyball, 9LM)
Bottom of the 8th over - 0 run(s), 0 hit(s), 0 error(s), 0 left on base; Myrtle Beach 2 - Grand Forks 3
TOP OF THE 9TH
Myrtle Beach Seahawks batting - Pitching for Grand Forks Caterpillars : RHP Lúcio Galleyos
Pitching: RHP Juan Deliz
Now at SS: Neil Byrd
Pinch Hitting: SHB Jim Unknown 0-0: Foul Ball, location: 2F
0-1: Called Strike
0-2: Ball
1-2: Ball
2-2: Ball
3-2: Strikes out swinging
Batting: RHB León Sánchez 0-0: Ball
1-0: Ball
2-0: Fly out, F8 (Flyball, 8RM)
Batting: RHB Rodney Dudley 0-0: Ground out 6-3 (Groundball, 6)
Top of the 9th over - 0 run(s), 0 hit(s), 0 error(s), 0 left on base; Myrtle Beach 2 - Grand Forks 3
Friday, December 30th, 2016 - OOTP Baseball 17.12 Build 75